General information
			
			
        
        - name: BNet
 
        - type: Ladder 1vs1/FFA
 
        - host: Battle.net
 
        - saver: Blahsmack
 
        
map: TidewaterGlades 
        - players: 2
 
        - length: 80:02
 
        - speed: Fast
 - version: 1.22 W3XP
 - replay type:  Public
 
» download(196 KB)
Players
        team 1 (winner) 
              
              
Blahsmack (
pink | 37 APM | 2958 actions | 80:02)
              
 7 Blood Mage 
 3 Flame Strike
 3 Siphon Mana
 1 Summon Phoenix
 8 Dark Ranger 
 1 Black Arrow
 3 Life Drain
 3 Silence
 1 Charm
 1 Warden 
 1 Blink
 
                » actions 
                
                | Assign group hotkey | 1 |  | 
| Basic commands | 145 |  | 
| Build / train | 299 |  | 
| Enter build submenu | 62 |  | 
| Enter hero's abilities submenu | 16 |  | 
| Give item / drop item | 10 |  | 
| Remove unit from queue | 1 |  | 
| Right click | 1000 |  | 
| Select / deselect | 1027 |  | 
| Use ability | 397 |  | 
                2958 total
 » units 
                
                | Peasant | 40 |  | 
| Goblin Shredder | 2 |  | 
| Sorceress | 13 |  | 
| Dragonhawk Rider | 15 |  | 
| Wisp | 22 |  | 
| Siege Engine | 11 |  | 
| Goblin Sapper | 4 |  | 
                107 total
 » upgrades
                
                | Masonry | 3 |  | 
| Lumber Harvesting | 2 |  | 
| Magic Sentry | 1 |  | 
| Sorceress Training | 2 |  | 
| Cloud | 1 |  | 
| Swords | 3 |  | 
| Plating | 3 |  | 
| Armor | 3 |  | 
| Gunpowder | 3 |  | 
| Animal War Training | 1 |  | 
| Priest Training | 2 |  | 
| Control Magic | 1 |  | 
| Ultravision | 1 |  | 
| Strength of the Wild | 3 |  | 
| Strength of the Moon | 3 |  | 
| Reinforced Hides | 3 |  | 
| Moon Armor | 3 |  | 
| Nature's Blessing | 1 |  | 
| Backpack | 2 |  | 
| Well Spring | 1 |  | 
| Hippogryph Taming | 1 |  | 
| Druid of the Talon Training | 2 |  | 
| Abolish Magic | 1 |  | 
| Druid of the Claw Training | 2 |  | 
| Resistant Skin | 1 |  | 
| Hardened Skin | 1 |  | 
| Improved Bows | 1 |  | 
| Marksmanship | 1 |  | 
| Upgrade Moon Glaive | 1 |  | 
| Sentinel | 1 |  | 
| Vorpal Blades | 1 |  | 
| Barrage | 1 |  | 
| Flare | 1 |  | 
| Flying Machine Bombs | 1 |  | 
| Flak Cannons | 1 |  | 
| Fragmentation Shards | 1 |  | 
| Long Rifles | 1 |  | 
| Defend | 1 |  | 
| Mark of the Talon | 1 |  | 
| Mark of the Claw | 1 |  | 
                64 total
 » buildings
                
                | Lumber Mill | 2 |  | 
| Farm | 3 |  | 
| Scout Tower | 185 |  | 
| Altar of Kings | 1 |  | 
| Arcane Vault | 1 |  | 
| Arcane Tower | 1 |  | 
| Guard Tower | 91 |  | 
| Town Hall | 4 |  | 
| Keep | 1 |  | 
| Arcane Sanctum | 1 |  | 
| Castle | 1 |  | 
| Gryphon Aviary | 3 |  | 
| Blacksmith | 6 |  | 
| Barracks | 1 |  | 
| Tree of Life | 1 |  | 
| Altar of Elders | 1 |  | 
| Hunter's Hall | 4 |  | 
| Tree of Ages | 1 |  | 
| Ancient of Wonders | 1 |  | 
| Moon Well | 6 |  | 
| Workshop | 12 |  | 
| Tree of Eternity | 1 |  | 
| Ancient of Lore | 1 |  | 
| Ancient of War | 2 |  | 
| Ancient of Wind | 2 |  | 
                333 total
 » build order
                00:18 Lumber Mill
00:28 Farm
00:38 Farm
01:16 Scout Tower
01:19 Scout Tower
01:31 Altar of Kings
01:45 Arcane Vault
02:02 Lumber Mill
02:11 Arcane Tower
02:25 Guard Tower
02:34 Farm
03:59 Scout Tower
04:01 Scout Tower
04:03 Scout Tower
04:08 Scout Tower
04:09 Scout Tower
04:10 Scout Tower
04:30 Guard Tower
06:01 Guard Tower
06:31 Town Hall
06:35 Scout Tower
06:36 Scout Tower
06:37 Scout Tower
06:39 Scout Tower
06:39 Scout Tower
06:43 Scout Tower
06:45 Scout Tower
06:47 Scout Tower
06:49 Scout Tower
06:50 Scout Tower
06:50 Scout Tower
06:57 Keep
06:59 Guard Tower
07:08 Guard Tower
07:08 Guard Tower
07:08 Guard Tower
07:08 Guard Tower
07:09 Guard Tower
07:09 Guard Tower
07:14 Guard Tower
07:15 Guard Tower
07:23 Guard Tower
07:35 Guard Tower
08:12 Scout Tower
08:14 Scout Tower
08:39 Scout Tower
08:40 Scout Tower
08:40 Scout Tower
08:43 Guard Tower
09:04 Guard Tower
09:08 Scout Tower
09:12 Guard Tower
09:47 Town Hall
09:55 Scout Tower
09:56 Scout Tower
09:57 Scout Tower
10:07 Scout Tower
10:08 Scout Tower
10:09 Scout Tower
10:12 Scout Tower
10:12 Scout Tower
10:22 Scout Tower
10:23 Scout Tower
10:24 Scout Tower
10:30 Scout Tower
10:33 Guard Tower
10:52 Guard Tower
10:53 Guard Tower
11:01 Guard Tower
11:01 Guard Tower
11:01 Guard Tower
11:17 Guard Tower
11:17 Guard Tower
11:31 Guard Tower
11:32 Guard Tower
11:32 Guard Tower
11:45 Guard Tower
12:08 Arcane Sanctum
12:18 Guard Tower
12:31 Guard Tower
13:23 Castle
13:33 Guard Tower
13:39 Scout Tower
14:01 Gryphon Aviary
14:09 Gryphon Aviary
14:15 Gryphon Aviary
14:19 Guard Tower
14:20 Guard Tower
14:29 Guard Tower
14:46 Blacksmith
14:48 Blacksmith
14:49 Blacksmith
14:56 Blacksmith
15:06 Blacksmith
15:07 Blacksmith
16:06 Guard Tower
20:30 Town Hall
20:37 Scout Tower
20:38 Scout Tower
20:39 Scout Tower
20:40 Scout Tower
20:40 Scout Tower
20:41 Scout Tower
20:42 Scout Tower
20:43 Scout Tower
20:44 Scout Tower
20:44 Scout Tower
20:46 Scout Tower
20:47 Scout Tower
20:48 Scout Tower
20:49 Scout Tower
20:51 Scout Tower
20:51 Scout Tower
20:52 Scout Tower
20:53 Scout Tower
20:55 Scout Tower
20:56 Scout Tower
20:57 Scout Tower
20:57 Scout Tower
20:58 Scout Tower
20:59 Scout Tower
21:06 Scout Tower
21:07 Scout Tower
21:07 Scout Tower
21:08 Scout Tower
21:09 Scout Tower
21:10 Scout Tower
21:48 Barracks
22:08 Scout Tower
22:09 Scout Tower
22:13 Scout Tower
22:15 Scout Tower
22:16 Scout Tower
22:18 Scout Tower
22:19 Scout Tower
22:21 Scout Tower
22:22 Scout Tower
22:22 Scout Tower
22:23 Scout Tower
22:25 Scout Tower
22:26 Scout Tower
22:27 Scout Tower
22:30 Scout Tower
22:31 Scout Tower
22:34 Scout Tower
22:35 Scout Tower
22:36 Scout Tower
22:37 Scout Tower
22:39 Scout Tower
22:40 Scout Tower
22:40 Scout Tower
22:42 Scout Tower
23:06 Scout Tower
23:07 Scout Tower
23:09 Scout Tower
23:11 Scout Tower
23:12 Scout Tower
23:16 Scout Tower
23:18 Scout Tower
23:18 Scout Tower
23:19 Scout Tower
23:21 Scout Tower
23:23 Scout Tower
23:30 Guard Tower
23:30 Guard Tower
24:07 Guard Tower
24:17 Guard Tower
24:17 Guard Tower
24:20 Guard Tower
24:27 Guard Tower
24:40 Scout Tower
24:41 Scout Tower
24:42 Scout Tower
24:43 Scout Tower
24:45 Scout Tower
24:46 Scout Tower
24:49 Scout Tower
24:51 Scout Tower
24:52 Scout Tower
24:53 Scout Tower
25:03 Guard Tower
25:19 Guard Tower
25:19 Guard Tower
25:40 Scout Tower
25:45 Scout Tower
25:45 Scout Tower
25:46 Scout Tower
25:48 Scout Tower
25:49 Scout Tower
25:50 Scout Tower
25:52 Scout Tower
25:54 Scout Tower
25:55 Scout Tower
25:56 Scout Tower
25:57 Scout Tower
25:59 Scout Tower
26:17 Guard Tower
26:20 Guard Tower
26:21 Guard Tower
27:21 Guard Tower
27:21 Guard Tower
27:49 Guard Tower
28:00 Guard Tower
28:01 Guard Tower
28:01 Guard Tower
28:46 Guard Tower
28:46 Guard Tower
28:54 Guard Tower
28:54 Guard Tower
29:08 Guard Tower
29:09 Guard Tower
29:09 Guard Tower
29:30 Guard Tower
29:30 Guard Tower
29:30 Guard Tower
30:36 Guard Tower
30:44 Scout Tower
30:45 Scout Tower
30:46 Scout Tower
30:49 Scout Tower
30:50 Scout Tower
30:50 Scout Tower
30:51 Scout Tower
30:52 Scout Tower
30:53 Scout Tower
31:02 Scout Tower
31:03 Scout Tower
31:04 Scout Tower
31:05 Scout Tower
31:06 Scout Tower
31:08 Scout Tower
31:10 Guard Tower
32:21 Guard Tower
33:06 Guard Tower
33:10 Scout Tower
33:11 Scout Tower
33:12 Scout Tower
33:13 Scout Tower
33:14 Scout Tower
33:15 Scout Tower
33:48 Guard Tower
33:49 Guard Tower
34:03 Guard Tower
34:22 Guard Tower
37:48 Town Hall
37:51 Scout Tower
37:52 Scout Tower
37:53 Scout Tower
37:55 Scout Tower
37:56 Scout Tower
37:57 Scout Tower
38:03 Scout Tower
38:04 Scout Tower
38:05 Scout Tower
38:06 Scout Tower
38:07 Scout Tower
38:07 Scout Tower
38:09 Scout Tower
38:10 Scout Tower
38:11 Scout Tower
38:12 Scout Tower
38:13 Scout Tower
38:13 Scout Tower
38:25 Scout Tower
38:26 Scout Tower
38:27 Scout Tower
38:28 Scout Tower
38:29 Scout Tower
38:30 Scout Tower
38:32 Guard Tower
38:59 Guard Tower
38:59 Guard Tower
39:21 Guard Tower
39:33 Guard Tower
39:33 Guard Tower
39:41 Scout Tower
39:42 Scout Tower
39:43 Scout Tower
39:43 Scout Tower
39:44 Scout Tower
39:45 Scout Tower
39:47 Scout Tower
39:48 Scout Tower
39:49 Scout Tower
39:50 Scout Tower
39:51 Scout Tower
39:52 Scout Tower
39:53 Scout Tower
39:54 Scout Tower
41:41 Guard Tower
41:43 Guard Tower
43:31 Guard Tower
43:31 Guard Tower
49:53 Tree of Life
50:07 Guard Tower
54:40 Altar of Elders
54:47 Hunter's Hall
54:54 Hunter's Hall
54:58 Hunter's Hall
55:33 Hunter's Hall
57:45 Tree of Ages
57:54 Ancient of Wonders
58:04 Moon Well
58:06 Moon Well
58:10 Moon Well
58:15 Moon Well
58:18 Moon Well
58:21 Moon Well
61:42 Workshop
61:45 Workshop
61:50 Workshop
61:54 Workshop
61:56 Workshop
62:01 Workshop
62:05 Workshop
62:07 Workshop
62:12 Workshop
62:27 Tree of Eternity
63:24 Workshop
63:30 Workshop
65:37 Ancient of Lore
65:40 Ancient of War
65:44 Ancient of Wind
65:57 Ancient of War
66:01 Ancient of Wind
68:53 Workshop
» items
                
                | Staff of Teleportation | 3 |  | 
| Boots of Speed | 2 |  | 
| Staff of Sanctuary | 1 |  | 
| Potion of Mana | 1 |  | 
                7 total
  
               team 2 (loser) 
              
              
FYU_Kr4yZe_MoFo (
yellow | 31 APM | 2494 actions | 79:58)
              
 6 Firelord 
 3 Summon Lava Spawn
 1 Soul Burn
 1 Incinerate
 1 Volcano
 
                » actions 
                
                | Basic commands | 38 |  | 
| Build / train | 153 |  | 
| Enter build submenu | 104 |  | 
| Enter hero's abilities submenu | 7 |  | 
| Give item / drop item | 3 |  | 
| Remove unit from queue | 8 |  | 
| Right click | 937 |  | 
| Select / deselect | 1089 |  | 
| Use ability | 152 |  | 
                2494 total
 » units 
                
                | Wisp | 96 |  | 
| Huntress | 23 |  | 
| Glaive Thrower | 3 |  | 
| Archer | -1 |  | 
| Hippogryph | 7 |  | 
                128 total
 » upgrades
                
                | Sentinel | 1 |  | 
| Upgrade Moon Glaive | 1 |  | 
| Vorpal Blades | 1 |  | 
| Strength of the Moon | 2 |  | 
| Moon Armor | 1 |  | 
| Well Spring | 1 |  | 
| Improved Bows | 1 |  | 
                8 total
 » buildings
                
                | Moon Well | 8 |  | 
| Ancient of War | 3 |  | 
| Altar of Elders | 1 |  | 
| Hunter's Hall | 1 |  | 
| Tree of Ages | 1 |  | 
| Ancient Protector | 76 |  | 
| Tree of Eternity | 1 |  | 
| Tree of Life | 2 |  | 
| Ancient of Wind | 1 |  | 
                94 total
 » build order
                00:23 Moon Well
00:37 Ancient of War
00:55 Altar of Elders
01:40 Moon Well
02:00 Moon Well
02:26 Moon Well
02:37 Moon Well
03:01 Moon Well
04:07 Moon Well
04:09 Hunter's Hall
04:11 Tree of Ages
04:17 Ancient of War
04:52 Ancient of War
05:12 Moon Well
06:18 Ancient Protector
07:48 Tree of Eternity
09:37 Tree of Life
22:01 Tree of Life
24:06 Ancient of Wind
30:34 Ancient Protector
30:35 Ancient Protector
30:38 Ancient Protector
30:40 Ancient Protector
30:42 Ancient Protector
30:45 Ancient Protector
30:58 Ancient Protector
31:08 Ancient Protector
31:12 Ancient Protector
31:22 Ancient Protector
31:27 Ancient Protector
31:46 Ancient Protector
31:50 Ancient Protector
31:55 Ancient Protector
31:59 Ancient Protector
32:07 Ancient Protector
32:17 Ancient Protector
32:21 Ancient Protector
32:27 Ancient Protector
32:32 Ancient Protector
32:37 Ancient Protector
32:43 Ancient Protector
32:47 Ancient Protector
32:52 Ancient Protector
32:58 Ancient Protector
33:02 Ancient Protector
33:06 Ancient Protector
33:12 Ancient Protector
33:26 Ancient Protector
33:30 Ancient Protector
33:32 Ancient Protector
33:35 Ancient Protector
33:40 Ancient Protector
33:43 Ancient Protector
33:49 Ancient Protector
33:50 Ancient Protector
33:54 Ancient Protector
34:01 Ancient Protector
34:04 Ancient Protector
34:07 Ancient Protector
34:11 Ancient Protector
34:14 Ancient Protector
34:16 Ancient Protector
34:20 Ancient Protector
34:27 Ancient Protector
34:56 Ancient Protector
35:05 Ancient Protector
36:07 Ancient Protector
38:27 Ancient Protector
38:31 Ancient Protector
41:39 Ancient Protector
41:45 Ancient Protector
41:56 Ancient Protector
42:12 Ancient Protector
42:17 Ancient Protector
42:19 Ancient Protector
42:22 Ancient Protector
42:35 Ancient Protector
42:38 Ancient Protector
42:41 Ancient Protector
42:44 Ancient Protector
42:47 Ancient Protector
42:52 Ancient Protector
43:13 Ancient Protector
43:21 Ancient Protector
43:47 Ancient Protector
43:52 Ancient Protector
44:02 Ancient Protector
44:26 Ancient Protector
46:29 Ancient Protector
46:31 Ancient Protector
46:33 Ancient Protector
46:34 Ancient Protector
46:36 Ancient Protector
47:58 Ancient Protector
 
                Chat log
          
(16:33 / All) Blahsmack: pro
(16:40 / All) Blahsmack: how much for lessons
(16:42 / All) FYU_Kr4yZe_MoFo: whats pro is your noob ass tower stacking
(20:05 / All) FYU_Kr4yZe_MoFo: wow this is gay
(26:51 / All) FYU_Kr4yZe_MoFo: wow
(27:20 / All) FYU_Kr4yZe_MoFo: is your tactic to bore the other guy to leave
(27:26 / All) Blahsmack: maybe
(31:36 / All) Blahsmack: :)
(32:04 / All) FYU_Kr4yZe_MoFo: its funny how much time people got on their hands
(32:12 / All) Blahsmack: what is time
(32:14 / All) Blahsmack: really
(32:46 / All) Blahsmack: what makes your time so valuable
(32:59 / All) Blahsmack: if it is why are you playing video games
(33:14 / All) FYU_Kr4yZe_MoFo: well
(33:19 / All) FYU_Kr4yZe_MoFo: we couldve gotten like 2-4 games in
(33:23 / All) FYU_Kr4yZe_MoFo: in the time we wasting on this
(33:33 / All) Blahsmack: whats the diffrence
(33:36 / All) Blahsmack: its just a game
(36:03 / All) FYU_Kr4yZe_MoFo: how do you plan to win
(36:59 / All) FYU_Kr4yZe_MoFo: no answer?
(38:10 / All) FYU_Kr4yZe_MoFo: well im gonna leave
(38:12 / All) FYU_Kr4yZe_MoFo: but stay in the game
(38:16 / All) FYU_Kr4yZe_MoFo: just to piss you off
(38:16 / All) Blahsmack: 2ez
(38:21 / All) Blahsmack: good thats what i want
(38:40 / All) Blahsmack: the main goal in control
(38:50 / All) Blahsmack: is to make your victim
(38:55 / All) Blahsmack: act of his own free will
(39:05 / All) FYU_Kr4yZe_MoFo: lol
(39:05 / All) FYU_Kr4yZe_MoFo: ok
(39:12 / All) FYU_Kr4yZe_MoFo: ima play cs while i wait for your peasents to destroy my base
(39:14 / All) Blahsmack: false sense of freedom
(77:06 / All) FYU_Kr4yZe_MoFo: haha
(78:39 / All) FYU_Kr4yZe_MoFo: now was that game worth 3 hours?
(78:47 / All) Blahsmack: 3 hours wortha loss
(78:57 / All) Blahsmack: becuase you dont know how to beat towers
(79:02 / All) FYU_Kr4yZe_MoFo: lol ok
(79:05 / All) FYU_Kr4yZe_MoFo: 3 hours of your life gone
(79:10 / All) Blahsmack: sad but its the truth
(79:16 / All) Blahsmack: 3 hours of my life?
(79:20 / All) Blahsmack: you sat here also
(79:23 / All) Blahsmack: playing cs
(79:25 / All) Blahsmack: as you put it